Map: Proxima Station LE

Players

ROBOTOSS - Winner!

  • Race: Protoss Protoss
  • League: Diamond
  • Spawn Location: 7:00

check

  • Race: Zerg Zerg
  • League: Diamond
  • Spawn Location: 1:00

VOD

Have the link to the VOD?

Description

Time

  • Played on: May 7, 2017, 1:40 a.m.
  • Length: 17:00
Show
View Real Time Build Order
Export as new Build Order

ROBOTOSS Protoss - Winner!

Build Orders: Cannon Rush 

Get SALT Encoding   

  12  0:02  Probe (Chrono Boost)  
  13  0:12  Probe (Chrono Boost)  
  14  0:23  Probe (Chrono Boost), Pylon  
  15  0:41  Probe (Chrono Boost)  
  16  0:45  Gateway  
  16  0:51  Forge  
  16  0:55  Probe (Chrono Boost)  
  17  1:01  Pylon  
  17  1:06  Probe (Chrono Boost)  
  18  1:16  Probe (Chrono Boost)  
  19  1:24  Photon Cannon  
  19  1:32  Photon Cannon  
  19  1:35  Photon Cannon  
  19  1:39  Pylon  
  19  1:43  Photon Cannon  
  19  1:51  Pylon  
  19  1:53  Pylon  
  19  1:54  Pylon  
  19  1:57  Pylon  
  19  2:03  Probe (Chrono Boost)  
  20  2:10  Photon Cannon  
  20  2:14  Photon Cannon, Probe (Chrono Boost)  
  20  2:25  Nexus  
  20  2:28  Assimilator  
  20  2:32  Assimilator  
  20  2:41  Gateway  
  20  2:49  Pylon  
  20  2:56  Probe (Chrono Boost)  
  21  3:07  Probe (Chrono Boost)  
  22  3:14  Photon Cannon  
  22  3:17  Probe (Chrono Boost)  
  23  3:28  Probe (Chrono Boost)  
  23  3:29  Cybernetics Core  
  24  3:38  Probe (Chrono Boost)  
  26  3:48  Probe (Chrono Boost)  
  26  3:51  Photon Cannon  
  26  3:59  Probe (Chrono Boost)  
  27  4:06  Mothership Core (Chrono Boost)  
  27  4:09  Probe (Chrono Boost)  
  30  4:11  Pylon  
  30  4:22  Probe (Chrono Boost)  
  31  4:29  Assimilator  
  31  4:31  Stargate  
  31  4:33  Probe (Chrono Boost)  
  31  4:34  Stargate  
  32  4:42  Assimilator  
  32  4:43  Probe (Chrono Boost)  
  33  4:54  Probe (Chrono Boost)  
  34  5:02  Nexus  
  34  5:05  Probe (Chrono Boost)  
  35  5:08  Pylon  
  35  5:13  Pylon  
  35  5:24  Void Ray  
  39  5:50  Void Ray  
  40  6:02  Pylon x2  
  40  6:05  Photon Cannon  
  40  6:07  Void Ray  
  44  6:24  Stargate  
  43  6:27  Photon Cannon  
  43  6:28  Void Ray  
  47  7:05  Pylon  
  47  7:07  Pylon  
  47  7:17  Void Ray  
  47  7:22  Void Ray  
  47  7:26  Void Ray  
  59  7:33  Pylon  
  59  8:45  Forge  
  59  8:46  Oracle  
  62  9:31  Pylon  
  62  9:32  Pylon  
  62  9:35  Pylon  
  62  9:41  Photon Cannon  
  62  9:42  Photon Cannon  
  62  9:44  Oracle  
  62  9:46  Photon Cannon  
  62  9:48  Photon Cannon, Oracle  
  62  9:49  Pylon  
  62  9:52  Oracle  
  71  10:08  Nexus  
  71  10:11  Pylon  
  71  10:12  Photon Cannon  
  71  10:15  Oracle  
  74  10:24  Oracle  
  77  10:43  Assimilator, Oracle  
  77  10:47  Assimilator  
  80  11:00  Oracle  
  83  11:13  Pylon  
  83  11:15  Pylon  
  83  11:52  Oracle  
  83  11:54  Photon Cannon  
  83  11:55  Probe (Chrono Boost)  
  83  11:56  Photon Cannon  
  83  11:57  Photon Cannon, Oracle  
  83  12:00  Photon Cannon  
  90  12:02  Photon Cannon  
  90  12:03  Pylon  
  90  12:06  Probe (Chrono Boost)  
  91  12:16  Probe (Chrono Boost)  
  92  12:27  Probe (Chrono Boost)  
  93  12:38  Pylon  
  93  12:40  Fleet Beacon  
  93  12:41  Oracle  
  99  13:13  Stargate  
  79  13:53  Forge  
  79  14:38  Pylon  
  79  14:39  Pylon  
  79  14:41  Pylon  
  79  14:44  Pylon  
  79  14:50  Photon Cannon  
  79  14:52  Photon Cannon  
  79  14:56  Tempest  
  67  15:39  Tempest  
  67  15:40  Photon Cannon  
  67  15:41  Photon Cannon  
  73  15:43  Photon Cannon  
  73  15:44  Photon Cannon  
  73  15:46  Photon Cannon  
  73  16:04  Gateway  
Show
View Real Time Build Order
Export as new Build Order

check Zerg 

Build Orders: Hatch First, Roach Nydus 

Get SALT Encoding   

  12  0:01  Drone  
  13  0:09  Drone  
  14  0:16  Overlord  
  14  0:23  Extractor  
  14  0:24  Drone  
  15  0:35  Drone x2  
  17  0:54  Hatchery  
  16  0:57  Drone  
  16  1:00  Drone  
  18  1:15  Spawning Pool  
  17  1:22  Overlord  
  17  1:26  Drone  
  18  1:47  Drone x2  
  18  1:51  Drone  
  22  2:01  Hatchery  
  21  2:18  Zergling x4  
  23  2:23  Drone  
  24  2:32  Overlord  
  24  2:41  Extractor  
  24  2:43  Extractor, Overlord  
  22  2:49  Queen  
  24  2:53  Drone  
  25  3:05  Drone  
  26  3:13  Drone  
  26  3:15  Drone  
  28  3:24  Drone  
  28  3:25  Drone, Queen  
  32  3:29  Lair  
  32  3:39  Drone  
  32  3:40  Drone  
  34  3:46  Drone, Roach Warren  
  34  3:48  Drone  
  35  3:59  Overlord  
  35  4:00  Drone x3  
  35  4:02  Drone  
  39  4:07  Drone  
  40  4:10  Extractor  
  40  4:12  Drone  
  40  4:18  Overlord  
  40  4:22  Overlord  
  40  4:28  Glial Reconstitution  
  40  4:34  Nydus Network  
  40  4:35  Drone x4  
  43  4:44  Roach x2  
  47  4:46  Roach  
  47  4:49  Roach  
  51  4:57  Queen  
  51  4:59  Roach  
  55  5:02  Roach  
  55  5:07  Queen  
  59  5:20  Roach x4  
  67  5:32  Nydus Canal  
  67  5:35  Overlord x2  
  67  5:39  Overlord x2  
  67  6:04  Roach  
  67  6:05  Roach x4  
  67  6:07  Queen x2  
  81  6:12  Roach  
  81  6:15  Roach x3  
  89  6:20  Roach  
  89  6:21  Roach  
  93  6:27  Roach  
  93  6:31  Roach  
  97  6:42  Overlord x4  
  97  6:46  Overlord  
  97  7:09  Drone x4, Hydralisk Den  
  100  7:35  Drone  
  100  7:36  Drone x7  
  107  7:53  Spore Crawler x2  
  107  7:55  Spore Crawler  
  107  7:57  Hydralisk  
  107  7:58  Hydralisk Den, Hydralisk  
  97  8:31  Hydralisk Den  
  93  8:40  Overlord  
  93  8:41  Overlord x4  
  77  8:43  Hatchery  
  76  9:06  Hatchery  
  76  9:07  Hydralisk, Muscular Augments  
  76  9:08  Hydralisk  
  70  9:20  Hydralisk x2  
  74  9:27  Hydralisk x3  
  80  9:38  Hydralisk  
  82  9:52  Hydralisk  
  82  9:54  Overlord x2  
  84  10:17  Hatchery  
  84  10:18  Hydralisk x5  
  84  10:19  Hydralisk  
  95  10:37  Hydralisk  
  95  10:41  Hydralisk  
  99  10:47  Drone  
  100  10:51  Hydralisk  
  96  11:02  Drone x3  
  99  11:04  Spore Crawler  
  100  11:39  Hydralisk  
  98  11:40  Hydralisk x2  
  98  11:42  Overlord x4  
  98  11:57  Overlord x2  
  98  12:05  Hydralisk  
  98  12:06  Hydralisk  
  98  12:07  Hydralisk  
  104  12:08  Hydralisk  
  106  12:22  Nydus Canal  
  106  12:23  Hydralisk  
  106  12:24  Hydralisk x3  
  106  12:29  Hydralisk  
  116  12:36  Hydralisk  
  118  12:54  Hydralisk  
  118  12:55  Hydralisk x2  
  103  13:42  Hydralisk  
  103  13:43  Hydralisk x3  
  103  13:52  Hatchery  
  26  15:52  Overlord x3  
  26  15:53  Overlord x2  
Tags
 
Add a new tag
Caveats
  • Supply blocks, unpowered buildings, or Contaminate may cause inaccurate times.
  • Supply counts are checked every 10 seconds.